 Dungeon Crawl Stone Soup version 0.29-a0-620-g13ace881f2 (webtiles) character file.

Game seed: 11650066087389159291

126 IdlyInterested the Slasher (level 4, 0/36 HPs)
             Began as a Demonspawn Gladiator on June 19, 2022.
             Killed by divine providence
             ... invoked by an orc priest
              (13 damage)
             ... on level 3 of the Dungeon.
             The game lasted 00:09:40 (4213 turns).

IdlyInterested the Slasher (Demonspawn Gladiator)   Turns: 4213, Time: 00:09:41

Health: 0/36       AC:  9    Str: 14    XL:     4   Next: 83%
Magic:  5/5        EV: 14    Int: 10    God:
Gold:   77         SH:  0    Dex: 16    Spells: 5/5 levels left

rFire   . . .      SeeInvis .   a - +1 long sword
rCold   + . .      Faith    .   (no shield)
rNeg    . . .      Spirit   .   i - +0 scale mail
rPois   .          Reflect  .   c - +0 helmet
rElec   .          Harm     .   (no cloak)
rCorr   .          Rampage  .   (no gloves)
Will    .....                   l - +0 pair of boots
Stlth   ..........              (no amulet)
HPRegen 0.12/turn               h - ring of protection from cold
MPRegen 0.09/turn               r - +4 ring of evasion

@: no status effects
A: rugged brown scales 1
a: no special abilities


You were on level 3 of the Dungeon.
You visited 1 branch of the dungeon, and saw 3 of its levels.

You collected 77 gold pieces.

Inventory:

Hand Weapons
 a - a +1 long sword (weapon)
 o - a +2 dagger of flaming
Missiles
 d - 3 throwing nets
 e - a javelin
 f - 2 curare-tipped darts
 k - 2 poisoned darts
 m - 75 stones (quivered)
Armour
 c - a +0 helmet (worn)
 i - a +0 scale mail (worn)
 l - a +0 pair of boots (worn)
Jewellery
 h - a ring of protection from cold (left hand)
 r - a +4 ring of evasion (right hand)
Wands
 s - a wand of polymorph (7)
Scrolls
 b - a scroll of identify {unknown}
 g - a scroll of silence {unknown}
 j - a scroll of poison {unknown}
 n - a scroll of teleportation
 p - a scroll of torment
 q - a scroll of enchant weapon
Potions
 t - a potion of heal wounds {unknown}
 u - 2 potions of might {unknown}
 v - a potion of attraction
 w - a potion of curing


   Skills:
 * Level 3.2 Fighting
 * Level 3.8 Long Blades
 - Level 1.7 Throwing
 - Level 1.0 Armour
 - Level 3.0 Dodging
 - Level 1.0 Spellcasting
 + Level 0.2 Invocations


You had 5 spell levels left.
You didn't know any spells.
Your spell library was empty.

Dungeon Overview and Level Annotations

Branches:
Dungeon (3/15)

Altars:


Innate Abilities, Weirdness & Mutations

You are partially covered in rugged brown scales. (AC +1, +3% HP)


Message History

You slash the orc!
You kill the orc!
You see here a +0 hand axe.
You hit the orc.
The orc is almost dead.
The orc hits you with a +0 flail.
An orc priest comes into view. It is wielding a +0 dagger.
The orc priest shouts!
You slash the orc!
You kill the orc!
You barely miss the orc. The orc barely misses you.
You completely miss the orc. The orc hits you but does no damage.
The orc priest looks braver for a moment.
The orc misses you.
You barely miss the orc. The orc closely misses you.
You barely miss the orc. The orc misses you.
You hit the orc.
The orc is lightly wounded.
The orc closely misses you.
The orc priest invokes the aid of Beogh against you.
Beogh smites you!
You slash the orc!
You kill the orc!
The orc priest hits you but does no damage.
You barely miss the orc priest. The orc priest closely misses you.
Aiming: Polymorph
Press: ? - help, Shift-Dir - straight line, f - orc priest
Aim: an orc priest, wielding a +0 dagger (will become a sky beast, a centaur, or an adder, chance to affect: 49%)
Okay, then.
You closely miss the orc priest.
The orc priest hits you but does no damage.
You closely miss the orc priest. The orc priest completely misses you.
You closely miss the orc priest.
The orc priest hits you but does no damage.
You closely miss the orc priest.
The orc priest calls down the wrath of Beogh upon you.
Pain shoots through your body!
The orc priest calls down the wrath of Beogh upon you.
Beogh smites you!
You die...

######### ### #.......# ..#
###### #.#.###.# #.#
#....###..###..## #.#
#..#.##..## ##..#
##.#.##.###.........###....
........oo@....).#...#...#.
.#.#.##..##.#..<###.....###
?....##.##>## ##._.## #
#...###.##.##.####.....#
... ..##......#...#...# #.#
#######+#†...###.... #.#
##...#..## #..# #.###
##...###..# .## #.#.##
##.....#.### .#


You could see an orc priest and an orc.

Vanquished Creatures
  3 adders (D:3)
  A worm (D:3)
  3 dart slugs
  8 orcs (D:3)
  6 ball pythons
  6 bats
  5 endoplasms
  6 giant cockroaches
  7 goblins
  6 hobgoblins
  3 jackals (D:1)
  10 kobolds
  2 quokkas
  2 frilled lizards
  7 rats
  A bush (D:1)
76 creatures vanquished.

Vanquished Creatures (others)
  5 plants (D:1)
5 creatures vanquished.

Grand Total: 81 creatures vanquished

Notes
Turn   | Place    | Note
-------+----------+-------------------------------------------
     0 | D:1      | IdlyInterested the Demonspawn Gladiator began the quest for
                  | the Orb.
     0 | D:1      | Reached XP level 1. HP: 16/16 MP: 1/1
   306 | D:1      | Gained mutation: You are partially covered in rugged brown
                  | scales. (AC +1, +3% HP) [demonic ancestry]
   306 | D:1      | Reached XP level 2. HP: 16/22 MP: 2/2
   841 | D:1      | Reached XP level 3. HP: 18/27 MP: 3/3
  2159 | D:2      | Reached skill level 1 in Armour
  2987 | D:3      | Reached XP level 4. HP: 35/35 MP: 4/4
  4091 | D:3      | Found a faded altar of an unknown god.
  4101 | D:3      | Reached skill level 1 in Spellcasting
  4213 | D:3      | Killed from afar by an orc priest

Illustrated notes

Levels and vault maps discovered:
D:1:      kennysheep_arrival_forest, layout_basic, serial_forest,
          infiniplex_forest_straight_2, infiniplex_forest_straight_2,
          infiniplex_forest_clump_small, infiniplex_forest_lined_2,
          infiniplex_forest_straight_4, infiniplex_forest_corner_1,
          infiniplex_forest_zigzag_2, infiniplex_forest_clump_medium,
          infiniplex_forest_end_3, infiniplex_forest_diagonal
D:2:      layout_rooms, minmay_tiny_reverse_x
D:3:      kennysheep_six_static_rooms, layout_loops_corners,
          nicolae_ecumenical_snake_handling

Skill      XL: |  1  2  3  4 |
---------------+-------------+-----
Long Blades    | 3 |  3.8
Dodging        | 3 |  3.0
Armour         | 1 |  1.0
Fighting       | 3 |  3.2
Spellcasting   | 1 |  1.0
Throwing       | |  1.7
Invocations    | |  0.2

Action                   |  1- 3 |  4- 6 || total
-------------------------+-------+-------++-------
Melee: Long sword        |   213 |   104 ||   317
       Punch             |     4 |     1 ||     5
Throw: Stone             |     2 |       ||     2
  Use: Scroll            |     6 |       ||     6
       Potion            |     5 |     1 ||     6
Armor: Ring mail         |    38 |       ||    38
       Leather armour    |     4 |       ||     4
       Scale mail        |    26 |    49 ||    75
Dodge: Dodged            |   111 |    89 ||   200

Table legend: (Time is in decaauts)
 A = Elapsed time spent in this place.
 B = Non-inter-level travel time spent in this place.
 C = Inter-level travel time spent in this place.
 D = Time resting spent in this place.
 E = Time spent auto-exploring this place.
 F = Levels seen in this place.
 G = Mean time per level.
                   A        B        C        D        E       F      G
               +--------+--------+--------+--------+--------+-----+--------+
         Total |   4284 |   3846 |    438 |    878 |   2046 |   3 | 1428.0 |
       Dungeon |   4284 |   3846 |    438 |    878 |   2046 |   3 | 1428.0 |
               +--------+--------+--------+--------+--------+-----+--------+

Top non-repeatable levels by time:
     D:1: 2139 daAuts
     D:3: 1461 daAuts
     D:2: 683 daAuts
